Senators vs Bruins

Created - 4 mai 2025 at 21:16

Goals
1 2 3 OT1 T
Senators 2 0 0 0 2
Bruins 2 0 0 1 3
Shots
1 2 3 OT1 T
Senators 16 5 6 3 30
Bruins 6 5 13 5 29

GoalsPenalties
1st period
1. Bruins , Warren Foegele 1 (Justin Faulk 8, Brady Skjei 13) at 9:24
2. Bruins , Tom Wilson 5 (Nicholas Paul 3) at 14:47
3. Senators , Cam Fowler 5 (Pavel Zacha 9, Joel Eriksson Ek 7) at 18:03 (PP)
4. Senators , Jeff Carter 2 (Brock Faber 6, Mattias Ekholm 5) at 18:31
Anze Kopitar (BOS) for Holding Stick (Minor) at 4:53
Rasmus Andersson (BOS) for Goalie Interference (Minor) at 11:24
Warren Foegele (BOS) for Roughing (Minor) at 17:02
2nd period
No Goal
Brady Skjei (BOS) for Roughing (Double Minor) at 14:51
3rd period
No Goal
Nic Dowd (OTT) for Roughing (Minor) at 4:01
Oliver Ekman-Larsson (BOS) for Roughing (Minor) at 6:42
Mikael Granlund (OTT) for Roughing (Minor) at 18:11
Overtime #1
5. Bruins , Dylan DeMelo 1 (Pius Suter 1, Warren Foegele 2) at 6:47
No Penalty
Goalie Stats
Alexandar Georgiev (OTT), 26 saves from 29 shots - (0,897), OTL, 8-3-1, 66:48 minutes
Jake Oettinger (BOS), 28 saves from 30 shots - (0,933), W, 11-4-1, 66:48 minutes
3 StarsOfficial
1 - Tom Wilson (BOS)
2 - Dylan DeMelo (BOS)
3 - Warren Foegele (BOS)
Referees : Shaun Davis and Kevin Pollock
Linesman : Derek Amell and Jesse Marquis
Game Note
No Game Note
Finance
Level 1 -- Attendance: 6000 (100,00%) -- Ticket Income $708,000
Level 2 -- Attendance: 5000 (100,00%) -- Ticket Income $375,000
Level 3 -- Attendance: 3500 (100,00%) -- Ticket Income $168,000
Level 4 -- Attendance: 3180 (100,00%) -- Ticket Income $95,400
Luxury Box -- Attendance: 1000 (100,00%) -- Ticket Income $211,000
Game was played at the TD Garden.
Total Attendance: 18680 (100,00%)
Total Ticket Income: $1,557,400
Other Income: $389,350
Total Income: $1,946,750



Team Name Goals Shots Shots Attemp Shots Blocked PIM HIT PP PK FO%
Senators 2305994171 / 6 (17%)060%
Bruins 32952712330 / 2 (0%)140%

Senators
Player Name POS G A P +/- PIM HIT SHT SB MP PP MP PP SHT PK MP PK SHT FO% FOT
Aleksander BarkovC000-1003022:475:4231:46062% 21
Alex NewhookC000-1010019:591:0101:05067% 3
Brock FaberD0110021419:200:0002:0000% 0
Cam FowlerD101-1012025:135:1011:5200% 0
Jake WalmanD000-1031020:435:1010:0700% 0
Jeff CarterC101100105:260:0000:00071% 7
Joel Eriksson EkC011-1025122:305:1521:56050% 12
K'Andre MillerD000-1000018:200:0001:5800% 0
Luke GlendeningC000000000:070:0000:0700% 0
Mattias EkholmD0110013223:155:4720:0800% 0
Matty BeniersC000-1011018:535:0310:000100% 3
Mikael GranlundC000-1210118:130:0000:5600% 0
Nic DowdC000-1203015:170:0001:28060% 10
Nikita KucherovRW0000003025:525:4200:00040% 5
Noah HanifinD000-1021026:525:4711:5800% 0
Pavel ZachaC011-1003022:335:1530:00059% 22
Trevor LewisC000101005:570:0000:3100% 0
Trevor ZegrasC000-1023118:434:5310:0000% 1
Bruins
Player Name POS G A P +/- PIM HIT SHT SB MP PP MP PP SHT PK MP PK SHT FO% FOT
Alexis LafreniereLW000001006:142:1100:0000% 1
Andrew MangiapaneC/LW/RW0001001012:340:2100:0800% 0
Anze KopitarC0000214020:441:5000:00035% 20
Brady SkjeiD0111441123:222:1911:3300% 0
Brett PesceD0001010120:400:0005:5800% 0
Bryan RustRW0000041020:451:5000:000100% 1
Charlie CoyleC0001001022:390:0005:49041% 37
Dylan DeMeloD1011031220:180:0005:3600% 0
Justin FaulkD0111012221:502:1910:0000% 0
Nathan BastianRW000000009:120:2104:4800% 0
Nicholas PaulLW0111023018:371:4700:0000% 1
Nicolas RoyC000000005:501:4700:00033% 6
Oliver Ekman-LarssonD0000270119:181:3900:0000% 0
Pius SuterC/LW0111001016:530:0004:48047% 15
Rasmus AnderssonD0000213023:321:3914:1400% 0
Tom WilsonRW1011056019:481:4701:1100% 0
Warren FoegeleLW1121223016:370:0004:330100% 1
Yegor SharangovichC/LW/RW0000012024:050:0005:10050% 2



Play-by-Play

1st period


0:01 of 1st period - Aleksander Barkov wins face-off versus Anze Kopitar in neutral zone.
0:35 of 1st period - Aleksander Barkov is hit by Brady Skjei.
0:39 of 1st period - Shot by Aleksander Barkov.
0:39 of 1st period - Shot Blocked by Justin Faulk.
0:41 of 1st period - Shot by Joel Eriksson Ek.
0:41 of 1st period - Stopped by Jake Oettinger without a rebound.
0:42 of 1st period - Pavel Zacha wins face-off versus Charlie Coyle in Bruins zone.
1:38 of 1st period - Shot by Pius Suter.
1:38 of 1st period - Shot Blocked by Brock Faber.
1:42 of 1st period - Shot by Warren Foegele.
1:42 of 1st period - Stopped by Alexandar Georgiev without a rebound.
1:43 of 1st period - Matty Beniers wins face-off versus Nicolas Roy in Senators zone.
2:04 of 1st period - Shot by Nic Dowd.
2:04 of 1st period - Stopped by Jake Oettinger without a rebound.
2:05 of 1st period - Warren Foegele wins face-off versus Jeff Carter in Bruins zone.
2:10 of 1st period - Shot by Andrew Mangiapane.
2:10 of 1st period - Shot Misses the Net.
2:42 of 1st period - Shot by Nikita Kucherov.
2:42 of 1st period - Shot Misses the Net.
2:57 of 1st period - Icing by Brady Skjei.
2:58 of 1st period - Nic Dowd wins face-off versus Pius Suter in Bruins zone.
3:25 of 1st period - Shot by Trevor Zegras.
3:25 of 1st period - Shot Misses the Net.
3:27 of 1st period - Shot by Nic Dowd.
3:27 of 1st period - Shot Blocked by Brady Skjei.
3:56 of 1st period - Off-side.
3:57 of 1st period - Charlie Coyle wins face-off versus Aleksander Barkov in neutral zone.
4:14 of 1st period - Shot by Nikita Kucherov.
4:14 of 1st period - Stopped by Jake Oettinger without a rebound.
4:15 of 1st period - Pavel Zacha wins face-off versus Anze Kopitar in Bruins zone.
4:15 of 1st period - Pavel Zacha is hit by Dylan DeMelo.
4:53 of 1st period - Minor Penalty to Anze Kopitar for Holding Stick.
4:54 of 1st period - Charlie Coyle wins face-off versus Aleksander Barkov in Bruins zone.
6:44 of 1st period - Shot by Jake Walman.
6:44 of 1st period - Stopped by Jake Oettinger with a rebound.
6:46 of 1st period - Shot by Trevor Zegras.
6:46 of 1st period - Stopped by Jake Oettinger without a rebound.
6:47 of 1st period - Aleksander Barkov wins face-off versus Pius Suter in Bruins zone.
7:25 of 1st period - Shot by Nathan Bastian.
7:25 of 1st period - Shot Misses the Net.
7:27 of 1st period - Shot by Justin Faulk.
7:27 of 1st period - Stopped by Alexandar Georgiev without a rebound.
7:28 of 1st period - Anze Kopitar wins face-off versus Trevor Zegras in Senators zone.
7:33 of 1st period - Shot by Anze Kopitar.
7:33 of 1st period - Shot Blocked by Mattias Ekholm.
7:39 of 1st period - Shot by Bryan Rust.
7:39 of 1st period - Shot Misses the Net.
8:03 of 1st period - Shot by Rasmus Andersson.
8:03 of 1st period - Shot Misses the Net.
8:16 of 1st period - Off-side.
8:17 of 1st period - Charlie Coyle wins face-off versus Alex Newhook in neutral zone.
8:17 of 1st period - Dylan DeMelo is hit by Mikael Granlund and loses puck.
8:31 of 1st period - Shot by Mikael Granlund.
8:31 of 1st period - Shot Misses the Net.
8:37 of 1st period - Shot by Pavel Zacha.
8:37 of 1st period - Shot Misses the Net.
9:19 of 1st period - Brady Skjei is hit by Cam Fowler and loses puck.
9:24 of 1st period - Shot by Warren Foegele.
9:24 of 1st period - Goal by Warren Foegele - Senators : 0 - Bruins : 1.
9:25 of 1st period - Aleksander Barkov wins face-off versus Anze Kopitar in neutral zone.
9:25 of 1st period - Aleksander Barkov is hit by Bryan Rust.
9:30 of 1st period - Nikita Kucherov is hit by Oliver Ekman-Larsson and loses puck.
9:43 of 1st period - Shot by Joel Eriksson Ek.
9:43 of 1st period - The goal is going for a video replay.
9:43 of 1st period - The goal is refused.
9:44 of 1st period - Nic Dowd wins face-off versus Pius Suter in Bruins zone.
9:47 of 1st period - Shot by Trevor Zegras.
9:47 of 1st period - Shot Misses the Net.
9:57 of 1st period - Shot by Andrew Mangiapane.
9:57 of 1st period - Shot Misses the Net.
11:22 of 1st period - Icing by Charlie Coyle.
11:23 of 1st period - Pavel Zacha wins face-off versus Charlie Coyle in Bruins zone.
11:23 of 1st period - Pavel Zacha is hit by Oliver Ekman-Larsson.
11:24 of 1st period - Minor Penalty to Rasmus Andersson for Goalie Interference.
11:25 of 1st period - Joel Eriksson Ek wins face-off versus Charlie Coyle in Bruins zone.
11:26 of 1st period - Shot by Matty Beniers.
11:26 of 1st period - Stopped by Jake Oettinger without a rebound.
11:27 of 1st period - Yegor Sharangovich wins face-off versus Joel Eriksson Ek in Bruins zone.
11:27 of 1st period - Yegor Sharangovich is hit by Matty Beniers.
11:40 of 1st period - Shot by Mattias Ekholm.
11:40 of 1st period - Stopped by Jake Oettinger with a rebound.
11:42 of 1st period - Shot by Pavel Zacha.
11:42 of 1st period - Shot Blocked by Brett Pesce.
11:44 of 1st period - Shot by Noah Hanifin.
11:44 of 1st period - Shot Blocked by Dylan DeMelo.
12:06 of 1st period - Shot by Joel Eriksson Ek.
12:06 of 1st period - Stopped by Jake Oettinger without a rebound.
12:07 of 1st period - Charlie Coyle wins face-off versus Nikita Kucherov in Bruins zone.
13:20 of 1st period - Shot by Joel Eriksson Ek.
13:20 of 1st period - Stopped by Jake Oettinger with a rebound.
13:22 of 1st period - Shot by Mattias Ekholm.
13:22 of 1st period - Shot Misses the Net.
13:24 of 1st period - Shot by Matty Beniers.
13:24 of 1st period - Shot Misses the Net.
13:26 of 1st period - Shot by Mikael Granlund.
13:26 of 1st period - Shot Misses the Net.
13:28 of 1st period - Shot by Brock Faber.
13:28 of 1st period - Stopped by Jake Oettinger without a rebound.
13:29 of 1st period - Jeff Carter wins face-off versus Anze Kopitar in Bruins zone.
13:32 of 1st period - Shot by Nikita Kucherov.
13:32 of 1st period - Stopped by Jake Oettinger without a rebound.
13:33 of 1st period - Jeff Carter wins face-off versus Nicholas Paul in Bruins zone.
13:34 of 1st period - Shot by Nikita Kucherov.
13:34 of 1st period - Shot Misses the Net.
13:37 of 1st period - Icing by Oliver Ekman-Larsson.
13:38 of 1st period - Nic Dowd wins face-off versus Charlie Coyle in Bruins zone.
13:48 of 1st period - Off-side.
13:49 of 1st period - Aleksander Barkov wins face-off versus Anze Kopitar in neutral zone.
14:26 of 1st period - Shot by Bryan Rust.
14:26 of 1st period - Stopped by Alexandar Georgiev with a rebound.
14:28 of 1st period - Shot by Yegor Sharangovich.
14:28 of 1st period - Shot Blocked by Brock Faber.
14:30 of 1st period - Shot by Yegor Sharangovich.
14:30 of 1st period - Shot Misses the Net.
14:41 of 1st period - Icing by Brock Faber.
14:42 of 1st period - Aleksander Barkov wins face-off versus Charlie Coyle in Senators zone.
14:42 of 1st period - Brock Faber is hit by Tom Wilson and loses puck.
14:47 of 1st period - Shot by Tom Wilson.
14:47 of 1st period - Goal by Tom Wilson - Senators : 0 - Bruins : 2.
14:48 of 1st period - Pavel Zacha wins face-off versus Charlie Coyle in neutral zone.
16:39 of 1st period - Jake Walman is hit by Bryan Rust and loses puck.
17:02 of 1st period - Minor Penalty to Warren Foegele for Roughing.
17:03 of 1st period - Aleksander Barkov wins face-off versus Pius Suter in Bruins zone.
18:03 of 1st period - Shot by Cam Fowler.
18:03 of 1st period - Goal by Cam Fowler - Senators : 1 - Bruins : 2.
18:04 of 1st period - Jeff Carter wins face-off versus Pius Suter in neutral zone.
18:31 of 1st period - Shot by Jeff Carter.
18:31 of 1st period - Goal by Jeff Carter - Senators : 2 - Bruins : 2.
18:32 of 1st period - Nic Dowd wins face-off versus Charlie Coyle in neutral zone.
18:37 of 1st period - Shot by Nic Dowd.
18:37 of 1st period - Stopped by Jake Oettinger without a rebound.
18:38 of 1st period - Nic Dowd wins face-off versus Charlie Coyle in Bruins zone.
18:38 of 1st period - Jake Walman is hit by Dylan DeMelo.
18:44 of 1st period - Matty Beniers is hit by Tom Wilson and loses puck.
18:51 of 1st period - Shot by Charlie Coyle.
18:51 of 1st period - Shot Blocked by Trevor Zegras.
18:53 of 1st period - Shot by Tom Wilson.
18:53 of 1st period - Stopped by Alexandar Georgiev with a rebound.
19:07 of 1st period - Shot by Trevor Zegras.
19:07 of 1st period - Stopped by Jake Oettinger with a rebound.
19:16 of 1st period - Nicholas Paul is hit by Jake Walman and loses puck.
19:52 of 1st period - Icing by Noah Hanifin.
19:53 of 1st period - Pius Suter wins face-off versus Pavel Zacha in Senators zone.
Goals for this period are 2 for Senators vs 2 for Bruins.
Shots for this period are 16 for Senators vs 6 for Bruins.

2nd period


0:01 of 2nd period - Aleksander Barkov wins face-off versus Yegor Sharangovich in neutral zone.
0:36 of 2nd period - Joel Eriksson Ek is hit by Bryan Rust.
1:03 of 2nd period - Shot by Charlie Coyle.
1:03 of 2nd period - Shot Blocked by Joel Eriksson Ek.
1:05 of 2nd period - Shot by Charlie Coyle.
1:05 of 2nd period - Stopped by Alexandar Georgiev without a rebound.
1:06 of 2nd period - Pius Suter wins face-off versus Pavel Zacha in Senators zone.
2:14 of 2nd period - Shot by Matty Beniers.
2:14 of 2nd period - Shot Misses the Net.
2:32 of 2nd period - Icing by Oliver Ekman-Larsson.
2:33 of 2nd period - Jeff Carter wins face-off versus Charlie Coyle in Bruins zone.
2:53 of 2nd period - Jeff Carter is hit by Oliver Ekman-Larsson and loses puck.
3:03 of 2nd period - Nikita Kucherov is hit by Oliver Ekman-Larsson.
3:50 of 2nd period - Matty Beniers is hit by Brady Skjei and loses puck.
4:08 of 2nd period - Icing by Jake Walman.
4:09 of 2nd period - Pius Suter wins face-off versus Nic Dowd in Senators zone.
5:01 of 2nd period - Icing by Noah Hanifin.
5:02 of 2nd period - Anze Kopitar wins face-off versus Pavel Zacha in Senators zone.
5:34 of 2nd period - Icing by Cam Fowler.
5:35 of 2nd period - Charlie Coyle wins face-off versus Pavel Zacha in Senators zone.
5:41 of 2nd period - Tom Wilson is hit by Noah Hanifin and loses puck.
6:04 of 2nd period - Shot by Charlie Coyle.
6:04 of 2nd period - Deflect By Tom Wilson.
6:04 of 2nd period - Stopped by Alexandar Georgiev without a rebound.
6:05 of 2nd period - Aleksander Barkov wins face-off versus Anze Kopitar in Senators zone.
6:05 of 2nd period - Aleksander Barkov is hit by Anze Kopitar.
6:11 of 2nd period - Shot by Yegor Sharangovich.
6:11 of 2nd period - Shot Blocked by Brock Faber.
6:21 of 2nd period - Shot by Anze Kopitar.
6:21 of 2nd period - Stopped by Alexandar Georgiev without a rebound.
6:22 of 2nd period - Nicolas Roy wins face-off versus Nic Dowd in Senators zone.
6:47 of 2nd period - Icing by Justin Faulk.
6:48 of 2nd period - Aleksander Barkov wins face-off versus Nicolas Roy in Bruins zone.
6:48 of 2nd period - Nikita Kucherov is hit by Brady Skjei.
6:54 of 2nd period - Shot by Alexis Lafreniere.
6:54 of 2nd period - Deflect By Nathan Bastian.
6:54 of 2nd period - Shot Hit the Post.
7:37 of 2nd period - Shot by Anze Kopitar.
7:37 of 2nd period - Shot Misses the Net.
7:39 of 2nd period - Shot by Anze Kopitar.
7:39 of 2nd period - Shot Blocked by Brock Faber.
7:41 of 2nd period - Shot by Brett Pesce.
7:41 of 2nd period - Shot Blocked by Mattias Ekholm.
7:43 of 2nd period - Shot by Yegor Sharangovich.
7:43 of 2nd period - Shot Misses the Net.
8:19 of 2nd period - Shot by Noah Hanifin.
8:19 of 2nd period - Shot Misses the Net.
8:49 of 2nd period - Mikael Granlund is hit by Dylan DeMelo.
9:34 of 2nd period - Off-side.
9:35 of 2nd period - Matty Beniers wins face-off versus Pius Suter in neutral zone.
10:02 of 2nd period - Shot by Warren Foegele.
10:02 of 2nd period - Stopped by Alexandar Georgiev with a rebound.
11:44 of 2nd period - Cam Fowler is hit by Oliver Ekman-Larsson and loses puck.
11:54 of 2nd period - Tom Wilson is hit by Trevor Zegras and loses puck.
12:11 of 2nd period - Shot by Bryan Rust.
12:11 of 2nd period - Deflect By Yegor Sharangovich.
12:11 of 2nd period - Shot Misses the Net.
12:20 of 2nd period - Bryan Rust is hit by Jake Walman and loses puck.
12:33 of 2nd period - Shot by Bryan Rust.
12:33 of 2nd period - Shot Misses the Net.
13:51 of 2nd period - Shot by Joel Eriksson Ek.
13:51 of 2nd period - Stopped by Jake Oettinger without a rebound.
13:52 of 2nd period - Pavel Zacha wins face-off versus Charlie Coyle in Bruins zone.
13:52 of 2nd period - Pavel Zacha is hit by Oliver Ekman-Larsson.
14:14 of 2nd period - Shot by Tom Wilson.
14:14 of 2nd period - Stopped by Alexandar Georgiev without a rebound.
14:15 of 2nd period - Aleksander Barkov wins face-off versus Pius Suter in Senators zone.
14:15 of 2nd period - Brock Faber is hit by Warren Foegele and loses puck.
14:36 of 2nd period - Brock Faber is hit by Brady Skjei and loses puck.
14:51 of 2nd period - Shot by Nikita Kucherov.
14:51 of 2nd period - Stopped by Jake Oettinger without a rebound.
14:51 of 2nd period - Double Minor Penalty to Brady Skjei for Roughing.
14:52 of 2nd period - Charlie Coyle wins face-off versus Pavel Zacha in Bruins zone.
15:21 of 2nd period - Shot by Joel Eriksson Ek.
15:21 of 2nd period - Deflect By Pavel Zacha.
15:21 of 2nd period - Stopped by Jake Oettinger with a rebound.
15:40 of 2nd period - Shot by Nikita Kucherov.
15:40 of 2nd period - Shot Blocked by Dylan DeMelo.
16:19 of 2nd period - Shot by Pavel Zacha.
16:19 of 2nd period - Stopped by Jake Oettinger without a rebound.
16:20 of 2nd period - Joel Eriksson Ek wins face-off versus Charlie Coyle in Bruins zone.
16:48 of 2nd period - Shot by Noah Hanifin.
16:48 of 2nd period - Shot Hit the Post.
17:03 of 2nd period - Off-side.
17:04 of 2nd period - Nikita Kucherov wins face-off versus Charlie Coyle in neutral zone.
17:23 of 2nd period - Shot by Aleksander Barkov.
17:23 of 2nd period - Stopped by Jake Oettinger without a rebound.
17:24 of 2nd period - Charlie Coyle wins face-off versus Joel Eriksson Ek in Bruins zone.
18:24 of 2nd period - Cam Fowler is hit by Rasmus Andersson.
18:52 of 2nd period - Nathan Bastian is hit by Alex Newhook and loses puck.
19:29 of 2nd period - Icing by Noah Hanifin.
19:30 of 2nd period - Pavel Zacha wins face-off versus Charlie Coyle in Senators zone.
19:30 of 2nd period - Pavel Zacha is hit by Nicholas Paul.
19:45 of 2nd period - Icing by Rasmus Andersson.
19:46 of 2nd period - Charlie Coyle wins face-off versus Jeff Carter in Bruins zone.
19:46 of 2nd period - Rasmus Andersson is hit by Trevor Lewis and loses puck.
Goals for this period are 0 for Senators vs 0 for Bruins.
Shots for this period are 5 for Senators vs 5 for Bruins.

3rd period


0:01 of 3rd period - Anze Kopitar wins face-off versus Aleksander Barkov in neutral zone.
0:04 of 3rd period - Joel Eriksson Ek is hit by Bryan Rust and loses puck.
0:13 of 3rd period - Shot by Rasmus Andersson.
0:13 of 3rd period - Stopped by Alexandar Georgiev without a rebound.
0:14 of 3rd period - Pavel Zacha wins face-off versus Charlie Coyle in Senators zone.
0:14 of 3rd period - Pavel Zacha is hit by Tom Wilson.
0:22 of 3rd period - Icing by Dylan DeMelo.
0:23 of 3rd period - Charlie Coyle wins face-off versus Aleksander Barkov in Bruins zone.
0:25 of 3rd period - Icing by Brett Pesce.
0:26 of 3rd period - Aleksander Barkov wins face-off versus Charlie Coyle in Bruins zone.
0:43 of 3rd period - Shot by Nicholas Paul.
0:43 of 3rd period - Stopped by Alexandar Georgiev with a rebound.
0:58 of 3rd period - Off-side.
0:59 of 3rd period - Pavel Zacha wins face-off versus Anze Kopitar in neutral zone.
1:16 of 3rd period - Shot by Bryan Rust.
1:16 of 3rd period - Shot Blocked by Mikael Granlund.
1:18 of 3rd period - Shot by Bryan Rust.
1:18 of 3rd period - Shot Misses the Net.
1:20 of 3rd period - Shot by Anze Kopitar.
1:20 of 3rd period - Stopped by Alexandar Georgiev without a rebound.
1:21 of 3rd period - Jeff Carter wins face-off versus Pius Suter in Senators zone.
1:54 of 3rd period - Off-side.
1:55 of 3rd period - Pavel Zacha wins face-off versus Anze Kopitar in neutral zone.
2:38 of 3rd period - Shot by Cam Fowler.
2:38 of 3rd period - Shot Misses the Net.
3:04 of 3rd period - Shot by Aleksander Barkov.
3:04 of 3rd period - Shot Misses the Net.
3:06 of 3rd period - Shot by Mattias Ekholm.
3:06 of 3rd period - Stopped by Jake Oettinger without a rebound.
3:07 of 3rd period - Pius Suter wins face-off versus Aleksander Barkov in Bruins zone.
3:29 of 3rd period - Pius Suter is hit by Brock Faber and loses puck.
4:01 of 3rd period - Minor Penalty to Nic Dowd for Roughing.
4:02 of 3rd period - Anze Kopitar wins face-off versus Joel Eriksson Ek in Senators zone.
4:03 of 3rd period - Shot by Rasmus Andersson.
4:03 of 3rd period - Stopped by Alexandar Georgiev without a rebound.
4:04 of 3rd period - Joel Eriksson Ek wins face-off versus Anze Kopitar in Senators zone.
4:04 of 3rd period - K'Andre Miller is hit by Alexis Lafreniere and loses puck.
5:05 of 3rd period - Shot by Justin Faulk.
5:05 of 3rd period - Stopped by Alexandar Georgiev without a rebound.
5:06 of 3rd period - Alex Newhook wins face-off versus Nicolas Roy in Senators zone.
6:03 of 3rd period - K'Andre Miller is hit by Warren Foegele and loses puck.
6:09 of 3rd period - Warren Foegele is hit by Jake Walman and loses puck.
6:36 of 3rd period - Shot by Warren Foegele.
6:36 of 3rd period - Deflect By Andrew Mangiapane.
6:36 of 3rd period - Stopped by Alexandar Georgiev without a rebound.
6:37 of 3rd period - Nic Dowd wins face-off versus Anze Kopitar in Senators zone.
6:37 of 3rd period - Nic Dowd is hit by Yegor Sharangovich.
6:42 of 3rd period - Minor Penalty to Oliver Ekman-Larsson for Roughing.
6:43 of 3rd period - Charlie Coyle wins face-off versus Joel Eriksson Ek in Bruins zone.
7:02 of 3rd period - Shot by Pavel Zacha.
7:02 of 3rd period - Stopped by Jake Oettinger without a rebound.
7:03 of 3rd period - Aleksander Barkov wins face-off versus Charlie Coyle in Bruins zone.
7:04 of 3rd period - Shot by Cam Fowler.
7:04 of 3rd period - Shot Misses the Net.
7:14 of 3rd period - Shot by Nikita Kucherov.
7:14 of 3rd period - Deflect By Aleksander Barkov.
7:14 of 3rd period - Stopped by Jake Oettinger without a rebound.
7:15 of 3rd period - Charlie Coyle wins face-off versus Joel Eriksson Ek in Bruins zone.
7:23 of 3rd period - Icing by Cam Fowler.
7:24 of 3rd period - Joel Eriksson Ek wins face-off versus Charlie Coyle in Senators zone.
7:46 of 3rd period - Off-side.
7:47 of 3rd period - Charlie Coyle wins face-off versus Aleksander Barkov in neutral zone.
7:47 of 3rd period - Charlie Coyle is hit by Trevor Zegras.
8:21 of 3rd period - Shot by Mattias Ekholm.
8:21 of 3rd period - Stopped by Jake Oettinger with a rebound.
8:23 of 3rd period - Shot by Aleksander Barkov.
8:23 of 3rd period - Stopped by Jake Oettinger with a rebound.
8:25 of 3rd period - Shot by Mattias Ekholm.
8:25 of 3rd period - Shot Misses the Net.
8:27 of 3rd period - Shot by Noah Hanifin.
8:27 of 3rd period - Stopped by Jake Oettinger without a rebound.
8:28 of 3rd period - Pavel Zacha wins face-off versus Charlie Coyle in Bruins zone.
8:59 of 3rd period - Icing by K'Andre Miller.
9:00 of 3rd period - Pavel Zacha wins face-off versus Charlie Coyle in Senators zone.
9:19 of 3rd period - Shot by Rasmus Andersson.
9:19 of 3rd period - Stopped by Alexandar Georgiev without a rebound.
9:20 of 3rd period - Pius Suter wins face-off versus Aleksander Barkov in Senators zone.
9:25 of 3rd period - Shot by Pius Suter.
9:25 of 3rd period - Stopped by Alexandar Georgiev without a rebound.
9:26 of 3rd period - Aleksander Barkov wins face-off versus Anze Kopitar in Senators zone.
9:38 of 3rd period - Bryan Rust is hit by Noah Hanifin and loses puck.
9:51 of 3rd period - Shot by Yegor Sharangovich.
9:51 of 3rd period - Stopped by Alexandar Georgiev without a rebound.
9:52 of 3rd period - Charlie Coyle wins face-off versus Pavel Zacha in Senators zone.
9:58 of 3rd period - Tom Wilson is hit by Brock Faber and loses puck.
10:22 of 3rd period - Charlie Coyle is hit by Mattias Ekholm and loses puck.
10:25 of 3rd period - Shot by Charlie Coyle.
10:25 of 3rd period - Deflect By Nicholas Paul.
10:25 of 3rd period - Stopped by Alexandar Georgiev without a rebound.
10:26 of 3rd period - Nikita Kucherov wins face-off versus Anze Kopitar in Senators zone.
11:19 of 3rd period - Oliver Ekman-Larsson is hit by Joel Eriksson Ek and loses puck.
14:17 of 3rd period - Icing by Joel Eriksson Ek.
14:18 of 3rd period - Anze Kopitar wins face-off versus Aleksander Barkov in Senators zone.
14:35 of 3rd period - Nikita Kucherov is hit by Justin Faulk and loses puck.
14:38 of 3rd period - Shot by Nikita Kucherov.
14:38 of 3rd period - Deflect By Aleksander Barkov.
14:38 of 3rd period - Shot Misses the Net.
15:02 of 3rd period - Shot by Anze Kopitar.
15:02 of 3rd period - Stopped by Alexandar Georgiev without a rebound.
15:03 of 3rd period - Pavel Zacha wins face-off versus Charlie Coyle in Senators zone.
15:03 of 3rd period - Brock Faber is hit by Tom Wilson and loses puck.
15:47 of 3rd period - Brock Faber is hit by Brett Pesce and loses puck.
16:03 of 3rd period - K'Andre Miller is hit by Nicholas Paul and loses puck.
16:33 of 3rd period - Shot by Yegor Sharangovich.
16:33 of 3rd period - Shot Misses the Net.
17:05 of 3rd period - Shot by Anze Kopitar.
17:05 of 3rd period - Stopped by Alexandar Georgiev with a rebound.
17:11 of 3rd period - Shot by Nikita Kucherov.
17:11 of 3rd period - Shot Misses the Net.
17:22 of 3rd period - Aleksander Barkov is hit by Oliver Ekman-Larsson and loses puck.
18:11 of 3rd period - Minor Penalty to Mikael Granlund for Roughing.
18:12 of 3rd period - Alex Newhook wins face-off versus Nicolas Roy in Senators zone.
18:18 of 3rd period - Icing by Nicolas Roy.
18:19 of 3rd period - Nicolas Roy wins face-off versus Joel Eriksson Ek in Bruins zone.
19:23 of 3rd period - Shot by Brady Skjei.
19:23 of 3rd period - Stopped by Alexandar Georgiev without a rebound.
19:24 of 3rd period - Joel Eriksson Ek wins face-off versus Alexis Lafreniere in Senators zone.
Goals for this period are 0 for Senators vs 0 for Bruins.
Shots for this period are 6 for Senators vs 13 for Bruins.

Overtime #1


0:01 of 1st overtime period - Joel Eriksson Ek wins face-off versus Anze Kopitar in neutral zone.
0:29 of 1st overtime period - Off-side.
0:30 of 1st overtime period - Bryan Rust wins face-off versus Pavel Zacha in neutral zone.
0:53 of 1st overtime period - Shot by Pavel Zacha.
0:53 of 1st overtime period - Shot Misses the Net.
1:16 of 1st overtime period - Icing by Noah Hanifin.
1:17 of 1st overtime period - Charlie Coyle wins face-off versus Pavel Zacha in Senators zone.
1:47 of 1st overtime period - Oliver Ekman-Larsson is hit by Joel Eriksson Ek.
1:51 of 1st overtime period - Shot by Tom Wilson.
1:51 of 1st overtime period - Stopped by Alexandar Georgiev without a rebound.
1:52 of 1st overtime period - Pius Suter wins face-off versus Nic Dowd in Senators zone.
2:11 of 1st overtime period - Shot by Trevor Zegras.
2:11 of 1st overtime period - Shot Misses the Net.
2:13 of 1st overtime period - Shot by Matty Beniers.
2:13 of 1st overtime period - Shot Misses the Net.
2:15 of 1st overtime period - Shot by Nic Dowd.
2:15 of 1st overtime period - Deflect By Trevor Zegras.
2:15 of 1st overtime period - Stopped by Jake Oettinger without a rebound.
2:16 of 1st overtime period - Anze Kopitar wins face-off versus Nikita Kucherov in Bruins zone.
2:32 of 1st overtime period - Shot by Aleksander Barkov.
2:32 of 1st overtime period - Shot Blocked by Justin Faulk.
3:02 of 1st overtime period - Shot by Yegor Sharangovich.
3:02 of 1st overtime period - Stopped by Alexandar Georgiev without a rebound.
3:03 of 1st overtime period - Charlie Coyle wins face-off versus Pavel Zacha in Senators zone.
3:10 of 1st overtime period - Shot by Charlie Coyle.
3:10 of 1st overtime period - Deflect By Tom Wilson.
3:10 of 1st overtime period - Stopped by Alexandar Georgiev without a rebound.
3:11 of 1st overtime period - Pavel Zacha wins face-off versus Charlie Coyle in Senators zone.
3:22 of 1st overtime period - Shot by Pavel Zacha.
3:22 of 1st overtime period - Shot Misses the Net.
3:24 of 1st overtime period - Shot by Mikael Granlund.
3:24 of 1st overtime period - Shot Blocked by Oliver Ekman-Larsson.
3:26 of 1st overtime period - Shot by Cam Fowler.
3:26 of 1st overtime period - Stopped by Jake Oettinger without a rebound.
3:27 of 1st overtime period - Pius Suter wins face-off versus Nic Dowd in Bruins zone.
3:45 of 1st overtime period - Icing by Jake Walman.
3:46 of 1st overtime period - Matty Beniers wins face-off versus Charlie Coyle in Senators zone.
3:57 of 1st overtime period - Shot by Nic Dowd.
3:57 of 1st overtime period - Stopped by Jake Oettinger with a rebound.
4:19 of 1st overtime period - Shot by Nicholas Paul.
4:19 of 1st overtime period - Stopped by Alexandar Georgiev without a rebound.
4:20 of 1st overtime period - Anze Kopitar wins face-off versus Nikita Kucherov in Senators zone.
5:52 of 1st overtime period - Mattias Ekholm is hit by Tom Wilson and loses puck.
6:45 of 1st overtime period - Shot by Warren Foegele.
6:45 of 1st overtime period - Deflect By Pius Suter.
6:45 of 1st overtime period - Shot Misses the Net.
6:47 of 1st overtime period - Shot by Dylan DeMelo.
6:47 of 1st overtime period - Goal by Dylan DeMelo - Senators : 2 - Bruins : 3.
Goals for this period are 0 for Senators vs 1 for Bruins.
Shots for this period are 3 for Senators vs 5 for Bruins.